 Dungeon Crawl Stone Soup version 0.30-a0-3-gc9032a9cac (webtiles) character file.

Game seed: 8384181980613490211

4 BritishOli the Trooper (level 1, 0/18 HPs)
             Began as a Demonspawn Fighter on Aug 20, 2022.
             Succumbed to a kobold's poison
             ... on level 1 of the Dungeon.
             The game lasted 00:00:07 (170 turns).

BritishOli the Trooper (Demonspawn Fighter)          Turns: 170, Time: 00:00:08

Health: 0/18       AC:  6    Str: 16    XL:     1   Next: 58%
Magic:  1/1        EV:  8    Int:  9    God:
Gold:   49         SH:  4    Dex: 12    Spells: 0/0 levels left

rFire   . . .      SeeInvis .    a - +0 long sword
rCold   . . .      Faith    .    c - +0 buckler
rNeg    . . .      Spirit   .    b - +0 scale mail
rPois   .          Reflect  .    (no helmet)
rElec   .          Harm     .    (no cloak)
rCorr   .          Rampage  .    (no gloves)
Will    .....                    (no boots)
Stlth   ..........               (no amulet)
HPRegen 0.06/turn                (no ring)
MPRegen 0.07/turn                (no ring)

@: lethally poisoned (0 -> -15)
A: no striking features
a: no special abilities


You were on level 1 of the Dungeon.
You visited 1 branch of the dungeon, and saw 1 of its levels.

You collected 49 gold pieces.

Inventory:

Hand Weapons
 a - a +0 long sword (weapon)
Armour
 b - a +0 scale mail (worn)
 c - a +0 buckler (worn)
Jewellery
 h - a ring of resist corrosion
Potions
 d - a potion of might
 e - a potion of attraction {unknown}
 f - a potion of invisibility {unknown}
 g - a potion of curing {unknown}


   Skills:
 + Level 3.1 Fighting
 + Level 1.9 Long Blades
 + Level 2.7 Armour
 + Level 2.7 Shields


You couldn't memorise any spells.
You didn't know any spells.
Your spell library was empty.

Dungeon Overview and Level Annotations

Branches:
Dungeon (1/15)

Altars:


Message History

You slash the goblin!
You kill the goblin!
The bat barely misses you.
There are monsters nearby!
You hit the ball python but do no damage.
The bat hits you but does no damage. The ball python bites you.
The ball python grabs you. The ball python constricts you.
The ball python barely misses you. The ball python constricts you.
There are monsters nearby!
You hit the ball python.
You kill the ball python!
The bat barely misses you. The kobold hits you but does no damage.
You are poisoned.
You block the kobold's attack.
There are monsters nearby!
You hit the kobold but do no damage.
You feel very sick. The bat closely misses you.
The kobold hits you with a +2 dagger of venom.
The kobold hits you but does no damage.
There are monsters nearby!
There are monsters nearby!
You closely miss the kobold.
You feel sick. The bat closely misses you. The bat hits you.
The kobold hits you with a +0 dagger. The kobold closely misses you.
There are monsters nearby!
You are too injured to fight recklessly!
There are monsters nearby!
You are too injured to fight recklessly!
Unknown command.
You are too injured to fight recklessly!
You miss the kobold.
You feel sick. You block the bat's attack.
The kobold hits you but does no damage. You block the kobold's attack.
The kobold hits you with a +2 dagger of venom.
* * * LOW HITPOINT WARNING * * *
You are lethally poisoned!
The kobold closely misses you.
You slash the kobold!
You kill the kobold!
You die...

......# #..#.##...........#
.#....(.###.################
..###... #.# # #.. ##..#.#
.# #..#.# .##
#.†.######..###
#.#...........#
#.#..>........#
#..#....@.....#
#.......K))....#
...#......b......#
..#...#......$....#
#...#.............#
.#...#...........#
..#..............
#...#............


You could see a bat and a kobold.

Vanquished Creatures
  A goblin (D:1)
  A kobold (D:1)
  2 ball pythons (D:1)
  A frilled lizard (D:1)
  2 rats (D:1)
7 creatures vanquished.

Vanquished Creatures (others)
  A ball python (D:1)
1 creature vanquished.

Grand Total: 8 creatures vanquished

Notes
Turn   | Place    | Note
-------+----------+-------------------------------------------
     0 | D:1      | BritishOli the Demonspawn Fighter began the quest for the
                  | Orb.
     0 | D:1      | Reached XP level 1. HP: 18/18 MP: 1/1
   170 | D:1      | Succumbed to a kobold's poison

Illustrated notes

Levels and vault maps discovered:
D:1:      psy_arrival_statuary, layout_rooms, ebering_ecumenical_altar_webs,
          hex_medium, lemuel_flame_loot_1

Action                   || total
-------------------------++-------
Melee: Long sword        ||    18
Armor: Scale mail        ||    12
Dodge: Dodged            ||    12
Block: Buckler           ||     6

Table legend: (Time is in decaauts)
 A = Elapsed time spent in this place.
 B = Non-inter-level travel time spent in this place.
 C = Inter-level travel time spent in this place.
 D = Time resting spent in this place.
 E = Time spent auto-exploring this place.
 F = Levels seen in this place.
 G = Mean time per level.
                   A        B        C        D        E       F      G
               +--------+--------+--------+--------+--------+-----+--------+
         Total |    176 |    176 |      0 |      0 |    132 |   1 |  176.0 |
       Dungeon |    176 |    176 |      0 |      0 |    132 |   1 |  176.0 |
               +--------+--------+--------+--------+--------+-----+--------+

Top non-repeatable levels by time:
     D:1: 176 daAuts
